 Dungeon Crawl Stone Soup version 0.29.1-2-gbd0b4ee654 (webtiles) character file.

Game seed: 16752014608537697650

232 GigaChad the Covered (level 5, -3/47 HPs)
             Began as a Minotaur Fighter on Nov 22, 2022.
             Was a Believer of Fedhas.
             Slain by an orc priest
             ... wielding a +2 war axe of freezing
              (7 damage)
             ... on level 3 of the Dungeon.
             The game lasted 00:07:15 (2715 turns).

GigaChad the Covered (Minotaur Fighter)             Turns: 2715, Time: 00:07:16

Health: -3/47      AC:  7    Str: 23    XL:     5   Next: 73%
Magic:  4/4        EV: 10    Int:  5    God:    Fedhas [**....]
Gold:   64         SH:  5    Dex:  9    Spells: 4/4 levels left

rFire   . . .      SeeInvis .   a - +0 war axe
rCold   . . .      Faith    .   c - +1 buckler
rNeg    . . .      Spirit   .   b - +0 scale mail
rPois   .          Reflect  .   (helmet restricted)
rElec   .          Harm     .   (no cloak)
rCorr   .          Rampage  .   (no gloves)
Will    .....                   (no boots)
Stlth   ..........              (no amulet)
HPRegen 0.15/turn               (no ring)
MPRegen 0.09/turn               (no ring)

@: no status effects
A: horns 2, retaliatory headbutt
a: Renounce Religion, Wall of Briars


You were on level 3 of the Dungeon.
You worshipped Fedhas.
Fedhas was pleased with you.
You visited 1 branch of the dungeon, and saw 3 of its levels.

You collected 64 gold pieces.

Inventory:

Hand Weapons
 a - a +0 war axe (weapon)
Armour
 b - a +0 scale mail (worn)
 c - a +1 buckler (worn)
 g - a +0 troll leather armour {Pargi}
 p - an orb of guile
Jewellery
 s - a +6 ring of intelligence
Wands
 h - a wand of digging (4)
Scrolls
 e - a scroll of blinking {unknown}
 f - 2 scrolls of magic mapping {unknown}
 k - a scroll of fear
 q - 3 scrolls of summoning {unknown}
 r - a scroll of teleportation {unknown}
Potions
 d - a potion of might
 i - a potion of lignification {unknown}
 j - a potion of resistance {unknown}
 l - a potion of attraction {unknown}
 m - a potion of magic {unknown}
 n - a potion of brilliance {unknown}
 o - a potion of mutation {unknown}


   Skills:
 + Level 4.5 Fighting
 + Level 4.9 Axes
 + Level 4.9 Armour
 + Level 1.6 Dodging
 + Level 0.1 Stealth
 + Level 4.2 Shields


You had 4 spell levels left.
You didn't know any spells.
Your spell library contained the following spells:

 Spells                   Type           Power      Damage    Failure   Level
 Scorch                   Fire           0%         2d5       95%         2
 Flame Wave               Conj/Fire      0%         2d4       100%        4
 Passage of Golubria      Tloc           0%         N/A       100%        4
 Silence                  Hex/Air        0%         N/A       100%        5
 Summon Cactus Giant      Summ           0%         N/A       100%        6
 Lehudib's Crystal Spear  Conj/Erth      0%         10d2      100%        8


Dungeon Overview and Level Annotations

Branches:
Dungeon (3/15)

Altars:
Fedhas
Hepliaklqana
Qazlal

Shops:
D:2 !   D:3 ?


Innate Abilities, Weirdness & Mutations

You have a pair of horns on your head.
You reflexively headbutt those who attack you in melee.


Message History

You hit the dart slug. You closely miss the orc priest.
The orc priest invokes the aid of Beogh against you.
You barely resist.
The orc priest mumbles some strange prayers to Beogh against you.
You barely resist. The dart slug barely misses you.
You block the orc priest's attack. The orc priest completely misses you.
You furiously retaliate!
You headbutt the orc priest.
The orc priest invokes the aid of Beogh against you.
Pain shoots through your body!
The orc priest calls upon Beogh to heal the orc priest.
The orc priest is healed somewhat.
The orc priest hits you but does no damage.
The orc priest attacks as you move away!
You block the orc priest's attack.
The orc priest calls down the wrath of Beogh upon you.
Pain shoots through your body!
You see here a scroll labelled JUAH ZIMNESH.
The orc priest completely misses you. You furiously retaliate!
You headbutt the orc priest.
The orc priest calls down the wrath of Beogh upon you.
Beogh smites you! You block the dart slug's attack.
You block the orc priest's attack.
The orc priest calls down the wrath of Beogh upon you.
Beogh smites you!
* * * LOW HITPOINT WARNING * * *
You see here a scroll labelled JUAH ZIMNESH.
You hit the dart slug.
You kill the dart slug!
Fedhas appreciates your contribution to the ecosystem.
You closely miss the orc priest. x2
The orc priest hits you with a +2 war axe of freezing.
* * * LOW HITPOINT WARNING * * *
The orc priest freezes you.
* * * LOW HITPOINT WARNING * * *
The orc priest hits you but does no damage.
You completely miss the goblin. You slash the orc priest!
You barely miss the orc priest. The goblin hits you but does no damage.
The orc priest hits you with a +2 war axe of freezing!
You die...
Fedhas appreciates your contribution to the ecosystem.

.. ......... #..... #####
#..... ...... ..... ......
.... ....!. #..#+#######......
#.................
######...............
#............@.......
#.##........ogo...... ###
#.#.........)........ ...
#.#.........))....... #.
#.#.................. ...#.
#.#...............#.........^.
#.#...............# ..........
#.#.............#.#...........
#.# .............#.. ........


You could see 2 orc priests and a goblin.

Vanquished Creatures
  Pargi (D:3)
  An orc wizard (D:3)
  3 adders
  4 worms (D:2)
  2 dart slugs
  5 orcs (D:3)
  9 bats
  10 endoplasms
  3 giant cockroaches
  A goblin (D:1)
  3 hobgoblins
  6 quokkas
  2 ball pythons
  5 frilled lizards
  6 kobolds
  4 rats
65 creatures vanquished.

Vanquished Creatures (others)
  8 plants (D:2)
8 creatures vanquished.

Grand Total: 73 creatures vanquished

Notes
Turn   | Place    | Note
-------+----------+-------------------------------------------
     0 | D:1      | GigaChad the Minotaur Fighter began the quest for the Orb.
     0 | D:1      | Reached XP level 1. HP: 19/19 MP: 0/0
   134 | D:1      | Reached XP level 2. HP: 27/27 MP: 1/1
   398 | D:1      | Found a faded altar of an unknown god.
   427 | D:1      | Prayed at the altar of an unknown god.
   427 | D:1      | Became a worshipper of Fedhas Madash
   427 | D:1      | Reached * piety under Fedhas
   727 | D:1      | Reached XP level 3. HP: 27/33 MP: 2/2
  1102 | D:2      | Found a hazy altar of Hepliaklqana.
  1528 | D:2      | Identified the +3 scale mail of Sufficient Miracles
                  | {Rampage MP+9 Slay-6 SInv}
  1751 | D:2      | Found Cyssol Cuola's Distillery.
  1968 | D:3      | Noticed Pargi
  1977 | D:3      | Killed Pargi
  1978 | D:3      | Reached skill level 1 in Dodging
  1978 | D:3      | Reached XP level 4. HP: 35/41 MP: 3/3
  1978 | D:3      | Reached XP level 5. HP: 41/47 MP: 4/4
  2525 | D:3      | Reached ** piety under Fedhas
  2615 | D:3      | Found a stormy altar of Qazlal.
  2617 | D:3      | Noticed a fire elemental
  2618 | D:3      | Noticed an air elemental
  2618 | D:3      | Noticed a water elemental
  2656 | D:3      | Found Zexkix's Magic Scroll Shop.
  2715 | D:3      | Slain by an orc priest

Illustrated notes

Levels and vault maps discovered:
D:1:      dpeg_arrival_another_circle, layout_basic,
          hellmonk_ecumenical_altar_pennies_from_heaven, minmay_crystal_water
D:2:      layout_loops_ring, serial_shops, nicolae_shop_waterfront, basic_altar,
          hangedman_decor_clover_reticule, chequers_big_river
D:3:      layout_basic, overflow_temple_1_default,
          nicolae_qazlal_style_of_elements, marbit_many_paths, serial_shops,
          shop, uniq_pargi

Skill      XL: |  1  2  3 |
---------------+----------+-----
Fighting       | 4 |  4.5
Armour         | 4 |  4.9
Shields        | 4 |  4.2
Axes           | 4 |  4.9
Dodging        | 1 |  1.6
Stealth        | |  0.1

Action                   |  1- 3 |  4- 6 || total
-------------------------+-------+-------++-------
Melee: War axe           |    82 |    42 ||   124
       Headbutt          |    11 |     4 ||    15
  Use: Scroll            |     3 |       ||     3
Armor: Scale mail        |    73 |    33 ||   106
Dodge: Dodged            |    76 |    35 ||   111
Block: Buckler           |    27 |    21 ||    48
